 Dungeon Crawl Stone Soup version 0.32-a0-132-g2d33c3cfaf (webtiles) character file.

Game seed: 8722650966885589475

31 Cecillian the Vexing (level 3, -1/28 HPs)
             Began as a Gnoll Hexslinger on Feb 10, 2024.
             Slain by Natasha (7 damage)
             ... on level 2 of the Dungeon.
             The game lasted 00:00:54 (799 turns).

Cecillian the Vexing (Gnoll Hexslinger)              Turns: 799, Time: 00:00:56

Health: -1/28      AC:  2    Str:  7    XL:     3   Next: 22%
Magic:  7/7        EV: 19    Int: 12    God:
Gold:   78         SH:  0    Dex: 16    Spells: 7/7 levels left

rFire   + . .        a - +1 sling
rCold   . . .        (no shield)
rNeg    . . .        c - +0 robe
rPois   .            (no helmet)
rElec   .            (no cloak)
rCorr   .            (no gloves)
SInv    .            (no boots)
Will    .....        (no amulet)
Stlth   ++           j - +5 ring of evasion
HPRegen 0.24/turn    i - ring of protection from fire
MPRegen 0.10/turn

%: no passive effects
@: brilliant, slowed, very slow
A: fangs 1, strong nose, distributed training
a: no special abilities


You were on level 2 of the Dungeon.
You visited 1 branch of the dungeon, and saw 2 of its levels.

You collected 78 gold pieces.

Inventory:

Hand Weapons
 a - a +1 sling (weapon)
 e - a +0 short sword
Missiles
 g - 6 atropa-tipped darts
Armour
 c - a +0 robe (worn)
 h - a +0 leather armour
Jewellery
 i - a ring of protection from fire (right hand)
 j - a +5 ring of evasion (left hand)
Scrolls
 b - a scroll of poison


   Skills:
 + Level 2.6 Fighting
 + Level 0.7 Short Blades
 + Level 0.7 Long Blades
 + Level 0.7 Axes
 + Level 0.7 Maces & Flails
 + Level 0.7 Polearms
 + Level 0.7 Staves
 + Level 4.5 Ranged Weapons
 + Level 0.7 Throwing
 + Level 0.7 Armour
 + Level 4.5 Dodging
 + Level 0.7 Stealth
 + Level 0.7 Shields
 + Level 0.7 Unarmed Combat
 + Level 2.8 Spellcasting
 + Level 0.5 Conjurations
 + Level 5.4 Hexes
 + Level 0.5 Summonings
 + Level 0.5 Necromancy
 + Level 0.5 Translocations
 + Level 2.1 Fire Magic
 + Level 0.5 Ice Magic
 + Level 0.5 Air Magic
 + Level 0.5 Earth Magic
 + Level 0.5 Alchemy
 + Level 0.9 Invocations
 + Level 0.7 Evocations
 + Level 0.6 Shapeshifting


You had 7 spell levels left.
You didn't know any spells.
Your spell library contained the following spells:

 Spells                   Type           Power      Damage    Failure   Level
 Jinxbite                 Hex            44%        N/A       4%          2
 Sigil of Binding         Hex            22%        N/A       9%          3
 Inner Flame              Hex/Fire       16%        N/A       16%         3
 Cause Fear               Hex            11%        N/A       26%         4
 Dimensional Bullseye     Hex/Tloc       6%         N/A       58%         4


Dungeon Overview and Level Annotations

Branches:
Dungeon (2/15)

Altars:

Shops:
D:1 [

Annotations:
D:2 Natasha


Innate Abilities, Weirdness & Mutations

You have very sharp teeth.
Your uncanny sense of smell can sniff out nearby items.
Your experience applies equally to all skills.


Message History

Natasha casts a spell.
It was a potion of curing.
You feel better. Natasha misses you.
Fire: a) +1 sling
Press: ? - help, Q - select action, (/) - cycle Shift-Dir - straight line, f/p - Natasha
Aim: Natasha (moderately wounded, 55% to hit)
You shoot a sling bullet. The sling bullet misses Natasha.
Natasha closely misses you. The cerulean imp misses you. x2
Natasha claws you!
* * * LOW HITPOINT WARNING * * *
You feel better. The cerulean imp closely misses you.
Natasha closely misses you. Natasha completely misses you.
The cerulean imp hits you from afar with a +1 spear.
Fire: a) +1 sling
Press: ? - help, Q - select action, (/) - cycle Shift-Dir - straight line, f/p - Natasha
Aim: Natasha (moderately wounded, 55% to hit)
You shoot a sling bullet.
The sling bullet hits Natasha but does no damage.
Natasha is moderately wounded.
The cerulean imp closely misses you. Natasha barely misses you.
Fire: a) +1 sling
Press: ? - help, Q - select action, (/) - cycle Shift-Dir - straight line, f/p - Natasha
Aim: Natasha (moderately wounded, 55% to hit)
You shoot a sling bullet. The sling bullet hits Natasha.
Natasha is heavily wounded.
Natasha misses you. The cerulean imp misses you. Natasha claws you.
* * * LOW HITPOINT WARNING * * *
The cerulean imp hits you from afar with a +1 spear.
* * * LOW HITPOINT WARNING * * *
It was a potion of brilliance.
You feel clever all of a sudden. The cerulean imp misses you.
Natasha misses you. The cerulean imp completely misses you. Natasha misses you.
Fire: a) +1 sling
Press: ? - help, Q - select action, (/) - cycle Shift-Dir - straight line, f/p - Natasha
Aim: Natasha (heavily wounded, 55% to hit)
You shoot a sling bullet. The sling bullet hits Natasha.
Natasha is severely wounded.
The cerulean imp completely misses you. Natasha claws you!
You die...
Natasha begins licking her fur clean.

#.# #.#..#
#.#..# ##
#.#.†#
#(.#.#h.#
##..#.#..#
#....<#..#
##.##.#5.#.#∆
#....@h....#
#####.######
#..∆ ####


You could see Natasha and a cerulean imp (summoned).

Vanquished Creatures
  A dart slug (D:1)
  5 bats (D:1)
  2 endoplasms (D:1)
  2 goblins (D:1)
  3 hobgoblins (D:1)
  4 jackals (D:1)
  A kobold (D:1)
  2 quokkas (D:1)
  2 ball pythons (D:1)
  A frilled lizard (D:1)
  4 rats
27 creatures vanquished.

Notes
Turn   | Place    | Note
-------+----------+-------------------------------------------
     0 | D:1      | Cecillian the Gnoll Hexslinger began the quest for the Orb.
     0 | D:1      | Reached XP level 1. HP: 17/17 MP: 4/4
    92 | D:1      | Reached XP level 2. HP: 23/23 MP: 5/5
   371 | D:1      | Reached XP level 3. HP: 28/28 MP: 7/7
   461 | D:1      | Found Onoddeor's Armour Shoppe.
   782 | D:2      | Noticed Natasha
   799 | D:2      | Slain by Natasha

Illustrated notes

Levels and vault maps discovered:
D:1:      eino_arrival_water_cross, layout_loops_ring, serial_shops, shop,
          minivault_27
D:2:      layout_basic, hellmonk_ecumenical_altar_zigzags, basic_altar,
          uniq_natasha

Skill      XL: |  1 |
---------------+----+-----
Fire Magic     | 2 |  2.1
Fighting       | |  2.6
Short Blades   | |  0.7
Long Blades    | |  0.7
Axes           | |  0.7
Maces & Flails | |  0.7
Polearms       | |  0.7
Staves         | |  0.7
Ranged Weapons | |  4.5
Throwing       | |  0.7
Armour         | |  0.7
Dodging        | |  4.5
Stealth        | |  0.7
Shields        | |  0.7
Unarmed Combat | |  0.7
Spellcasting   | |  2.8
Conjurations   | |  0.5
Hexes          | |  5.4
Summonings     | |  0.5
Necromancy     | |  0.5
Translocations | |  0.5
Ice Magic      | |  0.5
Air Magic      | |  0.5
Earth Magic    | |  0.5
Alchemy        | |  0.5
Invocations    | |  0.9
Evocations     | |  0.7
Shapeshifting  | |  0.6

Action                     || total
---------------------------++-------
   Fire: Sling             ||    67
    Use: Potion            ||     3
 Armour: Robe              ||    21
  Dodge: Dodged            ||    35

Table legend: (Time is in decaauts)
 A = Elapsed time spent in this place.
 B = Non-inter-level travel time spent in this place.
 C = Inter-level travel time spent in this place.
 D = Time resting spent in this place.
 E = Time spent auto-exploring this place.
 F = Levels seen in this place.
 G = Mean time per level.
                   A        B        C        D        E       F      G
               +--------+--------+--------+--------+--------+-----+--------+
         Total |    815 |    792 |     23 |     65 |    585 |   2 |  407.5 |
       Dungeon |    815 |    792 |     23 |     65 |    585 |   2 |  407.5 |
               +--------+--------+--------+--------+--------+-----+--------+

Top non-repeatable levels by time:
     D:1: 787 daAuts
     D:2: 28 daAuts
